details: 'angrywinds wont plz respond'

« prev index next »

General information

Mini Map

Players

team 1
UndeadEaZyK1LL (purple | 127 APM | 1035 actions | 08:09)
Hero icon 2 Death Knight
Ability icon 1 Death Coil
Ability icon 1 Unholy Aura

» actions
Assign group hotkey24
Basic commands15
Build / train41
Enter build submenu9
Enter hero's abilities submenu2
Right click589
Select / deselect132
Select group hotkey186
Use ability37
1035 total
» units
Acolyte5
Ghoul4
Crypt Fiend9
18 total
» upgrades
Creature Attack1
Creature Carapace1
2 total
» buildings
Graveyard1
Crypt1
Altar of Darkness1
Ziggurat4
Tomb of Relics1
Halls of the Dead4
Nerubian Tower1
Black Citadel3
16 total
» build order
00:07 Graveyard
00:09 Crypt
00:40 Altar of Darkness
00:59 Ziggurat
01:27 Tomb of Relics
01:58 Ziggurat
04:03 Halls of the Dead
04:04 Halls of the Dead
04:04 Halls of the Dead
04:30 Nerubian Tower
05:18 Ziggurat
07:26 Black Citadel
07:26 Black Citadel
07:54 Ziggurat
» items
Rod of Necromancy3
Dust of Appearance2
Boots of Speed1
Circlet of Nobility1
7 total
Humanu_wot_m8 (pink | 26 APM | 215 actions | 08:09)
Hero icon 2 Mountain King
Ability icon 1 Storm Bolt
Ability icon 1 Bash

» actions
Assign group hotkey11
Build / train35
Enter build submenu11
Enter hero's abilities submenu2
Right click71
Select / deselect52
Select group hotkey16
Use ability17
215 total
» units
Peasant14
Footman3
17 total
» buildings
Altar of Kings1
Farm4
Barracks1
Scout Tower3
Lumber Mill1
Keep4
Guard Tower4
Arcane Tower3
Arcane Vault1
Town Hall1
Castle2
25 total
» build order
00:08 Altar of Kings
00:13 Farm
00:50 Barracks
00:55 Farm
00:57 Farm
02:17 Scout Tower
02:21 Lumber Mill
02:33 Scout Tower
02:37 Farm
04:32 Keep
04:33 Keep
04:34 Guard Tower
04:34 Guard Tower
04:36 Scout Tower
05:06 Arcane Tower
05:06 Arcane Tower
05:06 Arcane Tower
05:14 Guard Tower
05:14 Guard Tower
05:15 Arcane Vault
06:06 Town Hall
07:23 Castle
Humanangrywinds (orange | 40 APM | 324 actions | 08:09)
Hero icon 2 Archmage
Ability icon 1 Summon Water Elemental
Ability icon 1 Brilliance Aura

» actions
Basic commands14
Build / train30
Enter build submenu19
Enter hero's abilities submenu2
Remove unit from queue2
Right click111
Select / deselect116
Use ability30
324 total
» units
Peasant8
Footman5
Forest Troll Shadow Priest2
Forest Troll Berserker1
Rifleman1
Mud Golem1
Ogre Mauler1
19 total
» upgrades
Masonry1
Defend1
2 total
» buildings
Altar of Kings1
Lumber Mill1
Farm6
Barracks1
Scout Tower2
Guard Tower2
Blacksmith1
Keep2
Arcane Vault1
Workshop1
18 total
» build order
00:21 Altar of Kings
00:38 Lumber Mill
00:48 Farm
01:08 Barracks
01:39 Scout Tower
02:04 Farm
02:20 Guard Tower
02:47 Scout Tower
02:55 Farm
02:59 Farm
03:08 Blacksmith
03:18 Guard Tower
03:54 Farm
04:11 Keep
04:11 Keep
04:41 Arcane Vault
05:52 Farm
06:42 Workshop
Random» Orcslicendice (green | 25 APM | 206 actions | 08:09)
Hero icon 2 Beastmaster
Ability icon 1 Summon Bear
Ability icon 1 Summon Hawk

» actions
Assign group hotkey4
Build / train23
Enter build submenu10
Enter hero's abilities submenu2
Right click90
Select / deselect64
Use ability13
206 total
» units
Peon6
Troll Headhunter/Berserker8
Grunt1
15 total
» upgrades
Ranged Weapons1
Troll Regeneration1
Pillage1
3 total
» buildings
Orc Burrow4
War Mill1
Altar of Storms1
Barracks1
Voodoo Lounge1
Stronghold1
Watch Tower1
Spirit Lodge1
11 total
» build order
00:18 Orc Burrow
00:38 War Mill
01:02 Altar of Storms
01:31 Barracks
01:58 Orc Burrow
02:17 Voodoo Lounge
02:50 Orc Burrow
04:00 Stronghold
04:27 Watch Tower
05:51 Orc Burrow
07:34 Spirit Lodge
» items
Periapt of Vitality1
1 total
team 2
HumanTech2Tier2&Chil (red | 3 APM | 28 actions | 08:09)

» actions
Build / train1
Right click18
Select / deselect7
Use ability2
28 total
» buildings
Keep1
1 total
» build order
00:50 Keep
UndeadDevouR (blue | 35 APM | 256 actions | 07:16)
Hero icon 2 Death Knight
Ability icon 1 Death Coil
Ability icon 1 Unholy Aura

» actions
Assign group hotkey8
Build / train20
Enter build submenu10
Enter hero's abilities submenu2
Right click77
Select / deselect68
Select group hotkey60
Use ability11
256 total
» units
Acolyte3
Ghoul8
Crypt Fiend4
15 total
» buildings
Crypt1
Altar of Darkness1
Ziggurat4
Tomb of Relics1
Graveyard1
Spirit Tower1
Halls of the Dead1
10 total
» build order
00:24 Crypt
00:27 Altar of Darkness
00:35 Ziggurat
00:56 Ziggurat
01:40 Tomb of Relics
02:35 Graveyard
03:02 Ziggurat
03:57 Spirit Tower
04:36 Halls of the Dead
05:40 Ziggurat
Orcistillownavcr (teal | 22 APM | 159 actions | 07:16)
Hero icon 2 Shadow Hunter
Ability icon 1 Serpent Ward
Ability icon 1 Healing Wave

» actions
Build / train23
Enter build submenu6
Enter hero's abilities submenu2
Remove unit from queue1
Right click64
Select / deselect51
Use ability12
159 total
» units
Peon7
Troll Headhunter/Berserker9
16 total
» upgrades
Armor1
Melee Weapons0
Ranged Weapons1
2 total
» buildings
Altar of Storms1
Orc Burrow3
War Mill1
Barracks1
Stronghold1
7 total
» build order
00:10 Altar of Storms
00:25 Orc Burrow
00:49 War Mill
01:16 Barracks
02:01 Orc Burrow
03:39 Orc Burrow
03:47 Stronghold
Random» NightElfSeArCh (yellow | 27 APM | 134 actions | 04:52)
Hero icon 1 Priestess of the Moon
Ability icon 1 Trueshot Aura

» actions
Assign group hotkey1
Basic commands2
Build / train14
Enter build submenu9
Enter hero's abilities submenu1
Right click45
Select / deselect46
Select group hotkey3
Use ability13
134 total
» units
Wisp9
Archer2
11 total
» buildings
Altar of Elders2
Moon Well3
Ancient of War1
Tree of Ages1
Hunter's Hall1
Ancient of Wind1
9 total
» build order
00:02 Altar of Elders
00:06 Altar of Elders
00:20 Moon Well
01:33 Ancient of War
02:22 Tree of Ages
02:25 Moon Well
02:58 Moon Well
03:52 Hunter's Hall
04:45 Ancient of Wind

Chat log

(00:09 / Allies) DevouR: i just wana rush
(00:26 / 7) Tech2Tier2&Chil: we have a new discord channel
(01:17 / 7) Tech2Tier2&Chil: us stabbers
(01:42 / 7) Tech2Tier2&Chil: talk to me you silly little freak
(02:05 / Allies) DevouR: smh red
(02:07 / Allies) DevouR: not even a tower?
(02:20 / Allies) SeArCh: fags will be
(02:31 / Allies) Tech2Tier2&Chil: tower for what
(02:37 / Allies) DevouR: defense nigga
(02:45 / Allies) istillownavcr: wtf
(02:46 / Allies) Tech2Tier2&Chil: not too concerned about it
(03:04 / Allies) istillownavcr: you next to my base nigga
(03:09 / Allies) istillownavcr: im concerned
(03:19 / Allies) Tech2Tier2&Chil: keep me safe then
(03:36 / Allies) SeArCh: hes a fag
(03:38 / Allies) SeArCh: we 3v1
(03:41 / Allies) SeArCh: i squelced him
(04:00 / All) SeArCh: lol all 3 of u
(04:01 / 7) Tech2Tier2&Chil: they have dust I bet
(04:01 / All) SeArCh: disabled
(04:03 / All) SeArCh: over 1 hero
(04:08 / Allies) Tech2Tier2&Chil: they have dust or are buying
(04:08 / All) SeArCh: do u realize how dumb that is?
(04:35 / All) Tech2Tier2&Chil: you can't hide from the long arm of the law
(04:41 / Allies) SeArCh: give me gold right now red or im leaving
(04:46 / Allies) SeArCh: 5
(04:47 / Allies) SeArCh: 4
(04:49 / Allies) SeArCh: 3
(04:50 / Allies) SeArCh: 2
(04:51 / Allies) DevouR: chill
(04:51 / Allies) SeArCh: 1
(04:52 / Allies) DevouR: yella
(05:17 / Allies) istillownavcr: seriousely red wtf bro
(05:36 / Allies) Tech2Tier2&Chil: My job is done, now I'm chilling. Taking a break from the hard work
(05:48 / Allies) Tech2Tier2&Chil: It's arduous upgrading my hall
(06:03 / All) DevouR: red must live a shitty life
(06:05 / Allies) istillownavcr: dude wtf aRE YOU TALKING ABOUT
(06:18 / Allies) istillownavcr: its a game
(06:19 / All) DevouR: 2016 and still plays this game all non-chalant bullshitting
(06:32 / All) Tech2Tier2&Chil: My dad beats me with the belt every ohter night
(06:35 / All) Tech2Tier2&Chil: I'm 36
(06:35 / All) u_wot_m8: its 2017
(06:40 / All) istillownavcr: its 2017............
(06:46 / All) DevouR: typo
(06:50 / All) DevouR: but you get the point
(06:51 / All) Tech2Tier2&Chil: Blue has been in the basement so long
(06:52 / All) istillownavcr: you sure??
(06:53 / All) istillownavcr: lmao
(06:55 / All) Tech2Tier2&Chil: he doesn't know what year it is
(06:58 / All) DevouR: Fat fingers
(06:59 / All) Tech2Tier2&Chil: He should hang with me
(07:05 / All) DevouR: 6 is close to 7 sooo...
(07:08 / All) istillownavcr: gg red is a noob
(07:10 / All) Tech2Tier2&Chil: We can play mario bros and chill
(07:11 / All) DevouR: that's besides the point red is a fag
(07:14 / All) istillownavcr: thanks for the loss red you ass hole
(07:17 / All) Tech2Tier2&Chil: my mom will bake us some cookies, and some fruit punch
(07:20 / All) u_wot_m8: arent we all in basements atm?
(07:23 / All) Tech2Tier2&Chil: but we can't be too loud or dad will get mad
(07:30 / All) Tech2Tier2&Chil: gg I had a noob team
(07:42 / All) angrywinds: what happen to tech to air
(07:50 / All) Tech2Tier2&Chil: why do you hurted me angry
(07:57 / All) EaZyK1LL: gg
(08:05 / All) angrywinds: im sorry
(08:06 / All) Tech2Tier2&Chil: SMH